 Dungeon Crawl Stone Soup version 0.27-a0-334-g52645efa06 (webtiles) character file.

Game seed: 6863980579239629512

421 Lanoc the Slasher (level 6, 0/44 HPs)
             Began as an Octopode Monk on Feb 13, 2021.
             Was a Believer of Zin.
             Slain by a centaur (6 damage)
             ... on level 5 of the Dungeon.
             The game lasted 00:03:54 (4017 turns).

Lanoc the Slasher (Octopode Monk)                   Turns: 4017, Time: 00:03:55

Health: 0/44       AC:  1    Str: 11    XL:     6   Next: 94%
Magic:  16/16      EV: 15    Int: 12    God:    Zin [**....]
Gold:   96         SH:  0    Dex: 16    Spells: 5/5 levels left

rFire    . . .     SeeInvis .   a - +0 falchion
rCold    . . .     Faith    .   (no shield)
rNeg     . . .     Spirit   .   (helmet restricted)
rPois    .         Reflect  .   (no amulet)
rElec    .         Harm     .   c - ring of magical power
rCorr    .         Rampage  .   (no ring)
Will     .....                  (no ring)
Stlth    +++.......             (no ring)
HPRegen  0.14/turn              (no ring)
MPRegen  0.15/turn              (no ring)
                                (no ring)
                                (no ring)

@: no status effects
A: almost no armour, stealthy swim, amphibious, 8 rings, constrict 8, camouflage
1, gelatinous body 1
a: Renounce Religion, Recite, Vitalisation, Donate Gold


You were on level 5 of the Dungeon.
You worshipped Zin.
Zin was pleased with you.
You visited 2 branches of the dungeon, and saw 6 of its levels.

You collected 106 gold pieces.
You donated 10 gold pieces to Zin.

Inventory:

Hand Weapons
 a - a +0 falchion (weapon)
Jewellery
 c - a ring of magical power (left tentacle)
Scrolls
 b - a scroll of amnesia {unknown}
 f - 2 scrolls of fear {unknown}
 i - 7 scrolls of identify {unknown}
 j - a scroll of immolation {unknown}
 k - a scroll of teleportation {unknown}
 l - a scroll of fog {unknown}
 o - a scroll of enchant armour {unknown}
Potions
 d - a potion of magic {unknown}
 e - a potion of flight {unknown}
 g - a potion of degeneration {unknown}
 h - a potion of haste {unknown}
 m - 2 potions of heal wounds {unknown}
 n - a potion of attraction {unknown}


   Skills:
 + Level 4.4 Fighting
 + Level 5.3 Long Blades
 + Level 4.4 Dodging
 - Level 2.6 Stealth
 * Level 2.2 Invocations


You had 5 spell levels left.
You didn't know any spells.
Your spell library was empty.

Dungeon Overview and Level Annotations

Branches:
Dungeon (5/15)             Temple (1/1) D:4

Altars:
Ashenzari
Cheibriados
Dithmenos
Elyvilon
Fedhas
Gozag
Hepliaklqana
Kikubaaqudgha
Makhleb
Nemelex Xobeh
Okawaru
Qazlal
Sif Muna
Trog
Uskayaw
Vehumet
Xom
Yredelemnul
Zin
The Shining One

Shops:
D:4 *   D:5 :


Innate Abilities, Weirdness & Mutations

You cannot wear most types of armour.
You are very stealthy in the water. (Stealth+)
You are amphibious.
You can wear up to eight rings at the same time.
You can use your tentacles to constrict eight enemies at once.
Your skin changes colour to match your surroundings (Stealth+).
Your rubbery body absorbs attacks. (AC +1, EV +1)


Message History

The centaur is severely wounded.
The centaur misses you.
You barely miss the centaur.
The centaur is severely wounded.
The centaur hits you! The centaur hits you.
You hit the centaur but do no damage.
The centaur is severely wounded.
The centaur barely misses you.
You hit the centaur but do no damage.
The centaur is severely wounded.
The centaur closely misses you. x2
You closely miss the centaur.
The centaur is severely wounded.
The centaur closely misses you.
You hit the centaur but do no damage.
The centaur is severely wounded.
The centaur closely misses you.
You riposte.
You completely miss the centaur. Your squeeze misses the centaur.
The centaur is severely wounded.
The centaur completely misses you.
You barely miss the centaur.
You squeeze the centaur, but do no damage.
The centaur is severely wounded.
The centaur hits you! The centaur hits you.
You hit the centaur but do no damage.
The centaur is severely wounded.
The centaur hits you.
* * * LOW HITPOINT WARNING * * *
You hit the centaur but do no damage. You squeeze the centaur.
The centaur is severely wounded.
The centaur closely misses you. The centaur hits you.
* * * LOW HITPOINT WARNING * * *
You hit the centaur.
The centaur is severely wounded.
The centaur hits you.
* * * LOW HITPOINT WARNING * * *
You hit the centaur.
The centaur is almost dead.
The centaur hits you.
You die...

#######........#####
...............'...#
#######........###.#
#........# #.#
######........###.#
#....'.............
#.####........###.∩
######.####.............
.......@............####
.....(c.................
...................##...
...........##########...
...........# #...
...........# #...
....######## #... ....
..... #####


You could see a centaur.

Vanquished Creatures
  2 scorpions
  A howler monkey (D:4)
  3 worker ants (D:4)
  A hound zombie (D:5)
  10 adders
  3 oozes
  6 worms
  4 leopard geckos
  12 orcs
  2 ball pythons (D:3)
  6 hobgoblins
  5 jackals
  5 kobolds
  4 quokkas
  2 bats (D:3)
  5 frilled lizards
  A giant cockroach zombie (D:5)
  3 goblins (D:3)
  9 rats
84 creatures vanquished.

Notes
Turn   | Place    | Note
-------+----------+-------------------------------------------
     0 | D:1      | Lanoc the Octopode Monk began the quest for the Orb.
     0 | D:1      | Reached XP level 1. HP: 16/16 MP: 1/1
   272 | D:2      | Reached XP level 2. HP: 17/21 MP: 2/2
   391 | D:2      | Reached XP level 3. HP: 25/26 MP: 3/3
  1065 | D:3      | Reached skill level 4 in Long Blades
  1065 | D:3      | Reached XP level 4. HP: 13/31 MP: 4/4
  1412 | D:3      | Reached XP level 5. HP: 35/37 MP: 5/5
  2200 | D:4      | Found a staircase to the Ecumenical Temple.
  2213 | D:4      | Reached skill level 5 in Long Blades
  2217 | D:4      | Reached XP level 6. HP: 26/43 MP: 6/6
  2221 | Temple   | Entered the Ecumenical Temple
  2450 | Temple   | Became a worshipper of Zin the Law-Giver
  2450 | Temple   | Reached * piety under Zin
  2450 | Temple   | Reached ** piety under Zin
  2628 | D:4      | Found Gaenucai's Lightly-Used Armoury.
  3128 | D:4      | Reached skill level 1 in Invocations
  3146 | D:4      | Found a snail-covered altar of Cheibriados.
  3146 | D:4      | Found a shadowy altar of Dithmenos.
  3146 | D:4      | Found a shimmering blue altar of Sif Muna.
  3146 | D:4      | Found a basalt altar of Yredelemnul.
  3182 | D:4      | Found an ancient bone altar of Kikubaaqudgha.
  3187 | D:4      | Found a bloodstained altar of Trog.
  3646 | D:5      | Entered Level 5 of the Dungeon
  3873 | D:5      | Found Xeucus's Book Boutique.
  4017 | D:5      | Slain by a centaur

Illustrated notes

Levels and vault maps discovered:
D:1:      doesnt_arrival_eight_statues, layout_basic, st_stairs_9
D:2:      layout_basic, doesnt_xom_only_xom, uniq_crazy_yiuf_cottage
D:3:      minmay_razor_zed, layout_loops_ring, minmay_pentangle
D:4:      layout_basic, minmay_overflow_temple_hex,
          minmay_temple_entry_crystal_x, nrook_campfire, grunt_ministairs_7,
          chequers_serial_rivers_micro_b, minmay_shop_damaged
D:5:      layout_basic, serial_shops, nicolae_shop_stone
Temple:   nicolae_temple_great_sept

Skill      XL: |  1  2  3  4  5  6 |
---------------+-------------------+-----
Long Blades    | 4 5 |  5.3
Fighting       | 4 |  4.4
Dodging        | 4 |  4.4
Invocations    | 2 |  2.2
Stealth        | |  2.6

Action                   |  1- 3 |  4- 6 || total
-------------------------+-------+-------++-------
Melee: Falchion          |    52 |   152 ||   204
       Constrict         |    17 |    42 ||    59
       Tentacles         |    14 |    38 ||    52
 Stab: Sleeping          |     5 |    10 ||    15
       Distracted        |     1 |       ||     1
Armor: Skin              |       |     4 ||     4
Dodge: Dodged            |    25 |   105 ||   130
       Rpst.: Falchion   |     7 |    34 ||    41

Table legend: (Time is in decaauts)
 A = Elapsed time spent in this place.
 B = Non-inter-level travel time spent in this place.
 C = Inter-level travel time spent in this place.
 D = Time resting spent in this place.
 E = Time spent auto-exploring this place.
 F = Levels seen in this place.
 G = Mean time per level.
                   A        B        C        D        E       F      G
               +--------+--------+--------+--------+--------+-----+--------+
         Total |   4030 |   3953 |     77 |      0 |   3421 |   6 |  671.7 |
       Dungeon |   3793 |   3723 |     70 |      0 |   3233 |   5 |  758.6 |
        Temple |    237 |    230 |      7 |      0 |    188 |   1 |  237.0 |
               +--------+--------+--------+--------+--------+-----+--------+

Top non-repeatable levels by time:
     D:3: 1633 daAuts
     D:4: 1210 daAuts
     D:5: 372 daAuts
     D:2: 315 daAuts
     D:1: 262 daAuts
  Temple: 237 daAuts
